Map: Dusty Gorge

Players

MonstroTown - Winner!

  • Race: Terran Terran
  • Spawn Location: 3:00

Michael - Winner!

  • Race: Zerg Zerg
  • League: Gold
  • Spawn Location: 5:00

Havyk

  • Race: Zerg Zerg
  • League: Platinum
  • Spawn Location: 9:00

shamsz

  • Race: Zerg Zerg
  • League: Silver
  • Spawn Location: 11:00

VOD

Have the link to the VOD?

Description

Time

  • Played on: Sept. 16, 2018, 9:27 a.m.
  • Length: 19:55
Show
View Real Time Build Order
Export as new Build Order

MonstroTown Terran - Winner!

Build Orders: Reaper Expand 

Get SALT Encoding   

  12  0:02  SCV  
  13  0:14  SCV  
  13  0:20  Supply Depot  
  14  0:26  SCV  
  15  0:41  SCV  
  16  0:43  Barracks  
  16  0:47  Refinery  
  16  0:53  SCV  
  17  1:05  SCV  
  18  1:18  SCV  
  19  1:30  Orbital Command  
  19  1:31  Reaper  
  20  1:39  Barracks  
  20  1:40  Refinery  
  19  2:03  Supply Depot  
  20  2:16  Reaper  
  20  2:23  Factory  
  20  2:30  SCV  
  20  2:36  Barracks Tech Lab  
  21  2:54  Reaper  
  21  3:11  Hellion  
  21  3:12  Reaper  
  16  3:44  Marine  
  16  3:46  Hellion, Reaper  
  15  4:04  Reaper  
  16  4:11  Hellion  
  16  4:14  SCV  
  19  4:18  Marine  
  20  4:26  SCV  
  20  4:29  Command Center, Stimpack  
  21  4:32  Hellion  
  21  4:38  SCV  
  23  4:44  Reaper x2  
  25  4:54  Hellion  
  27  5:08  SCV  
  28  5:20  SCV, Factory Tech Lab  
  29  5:25  Starport  
  29  5:32  SCV  
  30  5:43  Reaper  
  31  6:03  SCV  
  32  6:09  Orbital Command  
  32  6:17  Medivac  
  34  6:24  SCV  
  35  6:50  SCV x2  
  13  7:32  Orbital Command  
  12  7:37  Orbital Command  
  12  8:04  SCV  
  12  8:05  SCV  
  14  8:13  Hellion  
  14  8:15  Barracks Reactor  
  14  8:17  SCV, Medivac  
  19  8:20  Supply Depot  
  15  8:45  Hellion  
  16  8:52  Supply Depot  
  16  8:53  SCV x2  
  18  9:05  SCV  
  18  9:06  SCV  
  18  9:09  Barracks  
  20  9:11  Barracks  
  20  9:23  SCV  
  20  9:24  SCV  
  22  9:26  Hellion  
  22  9:27  Marine x2  
  26  9:32  Starport Tech Lab  
  26  9:46  Marauder, Marine  
  26  9:47  Marine  
  26  9:50  SCV x2  
  32  9:58  Marine x2  
  32  9:59  Hellion  
  36  10:02  SCV  
  37  10:08  SCV  
  38  10:14  SCV  
  38  10:20  SCV  
  39  10:35  Command Center  
  39  10:39  Marine x2  
  39  10:40  Hellion  
  41  11:04  Hellion, Banshee  
  40  11:12  Marine  
  40  11:13  Marauder  
  42  11:20  Barracks Reactor x2, Marine  
  43  11:30  Marine  
  44  11:33  Marine  
  44  11:36  SCV x2  
  47  11:47  Banshee  
  50  12:04  Marine x6  
  56  12:11  SCV x3  
  56  12:29  Marine x3  
  58  12:30  Marine  
  58  12:32  Hellion  
  58  12:33  SCV x3  
  65  12:40  Supply Depot x2  
  65  12:48  Engineering Bay  
  65  12:52  Marine x2  
  65  12:53  Marine x2  
  69  13:01  Siege Tank, SCV, Marauder, Orbital Command  
  75  13:07  Supply Depot  
  75  13:11  Marine  
  75  13:12  Marine x4  
  80  13:23  Sensor Tower, Terran Infantry Weapons Level 1  
  80  13:26  Marine  
  81  13:28  SCV  
  81  13:29  SCV  
  83  13:46  Marine x3  
  83  13:47  Banshee  
  89  13:49  Widow Mine, Marine x2  
  93  14:04  Supply Depot  
  93  14:08  SCV x3  
  60  14:53  Marine x2  
  60  14:54  Marine  
  56  15:00  Hellion, Banshee  
  57  15:23  Marine x3  
  54  15:36  Orbital Command  
  54  15:39  Marine x2  
  54  15:42  Terran Infantry Armor Level 1  
  56  15:49  Cloaking Field  
  56  15:59  Marine x6  
  56  16:00  Marine  
  63  16:06  SCV  
  63  16:07  SCV x2  
  66  16:16  Marine  
  67  16:18  SCV  
  67  16:19  SCV x2  
  67  16:20  Marine  
  67  16:24  Marine x4  
  75  16:28  Banshee  
  75  16:29  Siege Tank  
  75  16:31  SCV, Marauder  
  84  16:54  Sensor Tower  
  84  16:55  Barracks x2  
  84  16:56  Barracks  
  84  16:57  Engineering Bay  
  81  17:28  Marine x5  
  81  17:29  Marine x2  
  85  17:53  Marine  
  85  17:54  Marine x4  
  82  18:12  Marine x5  
  85  18:13  Marine x2  
  85  18:17  Barracks Reactor x2  
  85  18:18  Banshee  
  84  18:29  Marine x2  
  84  18:30  Marine x3  
  84  18:32  Widow Mine  
  91  18:58  Marine x4  
  91  18:59  Marine x3  
  95  19:15  Barracks  
  95  19:16  Marine x4, Barracks  
  95  19:17  Barracks, Marine x2  
  95  19:19  Widow Mine  
  95  19:21  Barracks  
  98  19:26  SCV x2  
  100  19:37  Marine x2  
  100  19:38  Command Center  
Show
View Real Time Build Order
Export as new Build Order

Michael Zerg - Winner!

Build Orders: Hatch First 

Get SALT Encoding   

  12  0:01  Drone  
  13  0:13  Overlord  
  13  0:18  Drone  
  14  0:31  Drone x2  
  14  0:34  Drone  
  17  0:46  Drone  
  18  0:59  Hatchery  
  18  1:00  Drone  
  18  1:05  Extractor  
  17  1:17  Spawning Pool  
  16  1:19  Drone  
  16  1:22  Drone  
  18  1:28  Drone  
  19  1:39  Drone  
  20  1:49  Overlord  
  20  2:03  Queen  
  22  2:10  Zergling x2  
  24  2:15  Zergling x4, Spine Crawler  
  24  2:17  Spine Crawler  
  25  2:30  Zergling x2  
  25  2:41  Metabolic Boost  
  23  2:59  Zergling x4  
  23  3:00  Zergling x6  
  23  3:01  Zergling x2  
  26  3:15  Queen  
  28  3:27  Hatchery  
  28  3:31  Drone  
  28  3:33  Drone  
  20  4:06  Lair  
  20  4:09  Roach Warren  
  19  4:10  Extractor  
  18  4:26  Drone x2  
  18  4:27  Drone  
  17  4:39  Drone  
  18  4:52  Drone  
  19  4:54  Spine Crawler  
  19  4:58  Drone  
  19  5:02  Drone  
  20  5:15  Roach  
  20  5:19  Drone  
  20  5:20  Drone  
  24  5:23  Drone  
  19  5:43  Spine Crawler  
  19  5:45  Spine Crawler  
  19  5:49  Drone  
  18  5:57  Queen  
  18  5:58  Queen  
  18  6:00  Drone x6  
  29  6:04  Drone  
  29  6:10  Glial Reconstitution  
  29  6:21  Evolution Chamber  
  29  6:24  Drone x2  
  30  6:26  Drone  
  30  6:29  Drone  
  30  6:32  Drone  
  33  6:40  Roach  
  33  6:42  Overlord  
  35  6:47  Overlord  
  35  6:53  Zerg Ground Armor Level 1  
  35  6:55  Drone  
  36  7:06  Roach  
  36  7:07  Roach x2  
  42  7:08  Roach  
  40  7:18  Roach x3  
  40  7:20  Roach  
  48  7:27  Queen  
  50  7:36  Roach  
  50  7:46  Roach x2  
  48  7:51  Drone  
  48  7:52  Zergling x4  
  51  8:01  Drone  
  51  8:02  Overlord  
  51  8:03  Overlord x2  
  52  8:26  Drone x2  
  54  8:29  Drone  
  54  8:32  Drone x2  
  54  8:33  Drone  
  58  8:35  Spore Crawler  
  58  8:36  Extractor  
  58  8:37  Extractor  
  55  8:47  Drone x3  
  58  8:49  Drone x2  
  58  8:50  Drone  
  58  8:52  Queen  
  58  8:53  Queen  
  63  9:26  Spire  
  62  9:32  Queen  
  62  9:33  Queen  
  66  9:40  Hatchery  
  65  9:45  Zerg Ground Armor Level 2  
  65  9:51  Infestation Pit  
  64  9:53  Drone x6  
  64  9:54  Spore Crawler  
  64  9:56  Roach  
  64  9:57  Roach  
  64  9:58  Roach  
  64  9:59  Zergling x2  
  76  10:01  Overlord x3  
  76  10:03  Overlord  
  74  10:22  Roach x3  
  74  10:23  Roach x3  
  86  10:31  Hive  
  71  10:58  Roach  
  71  10:59  Roach x9  
  87  11:21  Queen  
  87  11:30  Roach x5  
  87  11:32  Hatchery  
  96  11:38  Corruptor  
  98  11:41  Zergling x10  
  103  11:54  Hatchery  
  102  12:02  Zerg Missile Weapons Level 1  
  102  12:06  Mutalisk x2  
  102  12:07  Mutalisk  
  108  12:19  Overlord x4  
  108  12:28  Adrenal Glands  
  108  12:45  Mutalisk  
  110  12:52  Mutalisk  
  110  12:55  Zergling x22  
  123  13:06  Evolution Chamber  
  123  13:08  Queen  
  123  13:10  Drone  
  125  13:40  Drone x3  
  125  13:41  Drone x8  
  129  13:43  Overlord x3  
  136  13:57  Overseer x3  
  136  14:00  Zerg Melee Weapons Level 1  
  136  14:05  Zerg Ground Armor Level 3  
  136  14:14  Roach x2  
  136  14:15  Roach  
  136  14:17  Zergling x6  
  145  14:29  Mutalisk x2  
  145  14:32  Mutalisk  
  145  14:39  Roach x2  
  128  14:56  Roach x3  
  128  14:57  Roach x4  
  124  15:06  Zergling x12  
  124  15:07  Zergling x6  
  129  15:19  Greater Spire  
  129  15:25  Drone  
  129  15:28  Extractor  
  129  15:29  Extractor  
  128  15:39  Swarm Host  
  134  15:54  Overlord  
  134  15:55  Overlord x3  
  134  15:58  Hatchery  
  133  16:06  Overlord x5  
  133  16:24  Corruptor  
  133  16:25  Corruptor x4  
  143  16:46  Brood Lord  
  145  16:49  Zergling x6  
  145  16:50  Zergling x34  
  165  16:59  Drone  
  165  17:01  Drone x2  
  168  17:12  Burrow  
  168  17:14  Brood Lord  
  170  17:17  Zergling x14  
  156  18:04  Corruptor x2  
  143  18:05  Zergling x2  
  143  18:06  Zergling x32  
  145  18:25  Zergling x2  
  145  18:26  Zergling x12  
  147  18:44  Roach x8  
  148  19:08  Zergling x28  
  158  19:26  Zergling x2  
  158  19:27  Zergling x14  
Show
View Real Time Build Order
Export as new Build Order

Havyk Zerg 

Build Orders: Pool First 

Get SALT Encoding   

  12  0:03  Drone  
  13  0:09  Extractor  
  12  0:26  Spawning Pool  
  11  0:30  Drone  
  12  0:41  Drone  
  13  0:43  Drone  
  14  0:56  Overlord  
  14  1:12  Metabolic Boost  
  14  1:18  Zergling x4  
  16  1:28  Queen  
  19  1:32  Zergling x2  
  19  1:38  Zergling x2  
  20  1:45  Overlord  
  20  1:55  Zergling x2  
  21  2:18  Zergling x4  
  23  2:28  Zergling x2  
  24  2:44  Zergling x4  
  24  2:45  Zergling x4  
  24  2:51  Overlord  
  28  3:11  Zergling x4  
  27  3:42  Zergling x6  
  23  3:55  Zergling x8  
  27  4:09  Zergling x2  
  27  4:17  Zergling x6  
  30  4:25  Evolution Chamber  
  30  4:26  Hatchery  
  27  4:31  Zergling x2  
  25  4:41  Zergling x2  
  26  4:55  Zerg Melee Weapons Level 1  
  26  5:03  Zergling x4  
  26  5:04  Zergling x4  
  29  5:18  Zergling x6  
  29  5:19  Zergling x2  
  30  5:31  Zergling x2  
  27  5:39  Queen  
  27  5:42  Zergling x4  
  30  5:57  Zergling x4  
  31  6:12  Zergling x8  
  35  6:18  Roach Warren  
  35  6:21  Drone x4  
  38  6:29  Drone  
  39  6:38  Lair  
  33  7:11  Drone x4  
  33  7:12  Drone x4  
  41  7:30  Zerg Missile Weapons Level 1  
  38  7:45  Drone x3  
  38  7:46  Extractor  
  38  7:47  Zergling x2  
  38  7:48  Zergling x8  
  42  7:53  Glial Reconstitution  
  41  8:08  Drone x2  
  43  8:13  Overlord  
  43  8:47  Roach x4  
  51  8:49  Overlord x2  
  44  9:24  Drone x9  
  41  9:28  Queen  
  51  9:33  Zerg Ground Armor Level 1  
  51  9:37  Roach x7  
  65  9:56  Extractor  
  65  9:58  Extractor  
  63  10:00  Overlord  
  63  10:02  Hatchery  
  62  10:45  Roach  
  62  10:46  Roach x7  
  62  10:48  Overlord x2  
  70  11:10  Roach x6  
  70  11:11  Roach  
  78  11:14  Queen  
  74  11:28  Roach  
  74  11:29  Roach x4  
  84  11:42  Ravager x4  
  84  11:45  Roach x3  
  94  11:52  Queen  
  96  12:10  Overlord x2  
  96  12:40  Drone x8  
  96  12:41  Drone x2  
  106  12:58  Zerg Missile Weapons Level 2  
  106  13:05  Drone x4  
  110  13:17  Spore Crawler  
  109  13:22  Spore Crawler  
  109  13:25  Overlord x3  
  109  13:26  Hydralisk Den  
  107  13:29  Spore Crawler  
  106  13:38  Overlord  
  106  13:55  Grooved Spines  
  106  13:56  Hydralisk  
  106  13:57  Hydralisk x4, Roach x3  
  106  13:58  Roach  
  124  14:12  Hydralisk x2  
  124  14:13  Roach x3  
  134  14:21  Hydralisk x3  
  124  14:32  Hydralisk x2  
  105  14:55  Hydralisk x2  
  105  14:56  Hydralisk, Roach x3  
  91  15:22  Zerg Ground Armor Level 2  
  91  15:40  Ravager x2  
  93  15:45  Hydralisk  
  93  15:46  Hydralisk, Roach x2  
  101  15:54  Muscular Augments, Hatchery  
  100  16:10  Hydralisk  
  100  16:11  Hydralisk, Roach x2  
  108  16:27  Hydralisk  
  108  16:28  Roach x3  
  116  16:48  Hydralisk  
  116  16:49  Hydralisk, Roach x2  
  124  17:21  Hydralisk  
  124  17:22  Hydralisk x2  
  130  17:24  Overlord  
  130  17:25  Overlord x2  
  130  17:36  Roach  
  130  17:42  Queen  
  107  18:11  Hydralisk x4  
  107  18:12  Roach x3  
  81  18:25  Hydralisk  
  81  18:26  Roach x2  
  57  18:34  Hydralisk  
  57  18:35  Roach  
  61  18:43  Hydralisk, Roach  
  23  19:11  Roach x2  
  23  19:12  Roach x2  
Show
View Real Time Build Order
Export as new Build Order

shamsz Zerg 

Build Orders: Pool First, Zergling Baneling 

Get SALT Encoding   

  12  0:20  Spawning Pool  
  11  0:22  Extractor  
  11  0:27  Drone  
  11  0:43  Drone  
  11  0:47  Drone x2  
  14  0:55  Overlord  
  14  1:19  Zergling x4  
  16  1:28  Metabolic Boost  
  16  1:32  Queen  
  18  2:00  Zergling x4  
  18  2:01  Zergling x2  
  21  2:11  Baneling Nest  
  21  2:15  Overlord  
  18  2:54  Zergling x8  
  18  2:55  Zergling x2  
  23  2:58  Baneling x2  
  23  3:11  Baneling x3  
  23  3:12  Baneling  
  22  3:22  Zergling x12  
  23  3:59  Baneling  
  23  4:00  Baneling x6  
  23  4:01  Baneling  
  22  4:03  Zergling x6  
  21  4:40  Baneling x3  
  21  4:41  Baneling x2  
  21  4:43  Zergling x12  
  23  5:24  Baneling x4  
  23  5:26  Zergling x6  
  23  5:27  Zergling x2  
  23  5:28  Zergling x2  
  26  6:00  Burrow  
  26  6:01  Zergling x4  
  26  6:02  Zergling x2  
  29  6:05  Overlord  
  29  6:17  Baneling x2  
  27  6:56  Baneling x4  
  15  7:30  Drone  
  15  7:31  Drone x6  
  15  7:32  Drone x2  
  15  7:36  Extractor  
  23  8:00  Lair  
  23  8:02  Zergling x6  
  23  8:03  Zergling x4  
  28  8:45  Baneling x7  
  28  8:46  Baneling x3  
  28  9:02  Hatchery, Centrifical Hooks  
  27  9:22  Extractor  
  27  9:23  Extractor  
  25  9:28  Zergling x4  
  25  9:29  Zergling x14  
  25  9:30  Zergling x2  
  33  10:14  Zergling x10  
  26  10:34  Queen  
  27  10:39  Drone x2  
  27  10:40  Drone x4  
  28  11:04  Roach Warren, Drone x4  
  28  11:08  Drone x2  
  33  11:15  Evolution Chamber  
  33  11:17  Drone  
  33  11:41  Zerg Missile Weapons Level 1  
  33  11:44  Glial Reconstitution  
  33  11:46  Drone x6  
  33  11:47  Drone  
  40  11:55  Zergling x4  
  40  11:56  Zergling x2  
  40  11:57  Zergling x2  
  41  12:41  Overlord x2  
  41  12:42  Overlord x2  
  41  13:03  Drone  
  41  13:04  Drone x2  
  44  13:09  Hydralisk Den  
  43  13:14  Roach x2  
  43  13:15  Roach x7  
  43  13:16  Roach  
  63  13:33  Evolution Chamber  
  62  13:36  Zerg Ground Armor Level 1  
  62  13:45  Overlord  
  62  13:46  Overlord x3  
  62  13:47  Infestation Pit  
  61  13:49  Overseer  
  61  13:58  Grooved Spines  
  61  14:12  Zerg Missile Weapons Level 2  
  61  14:22  Hydralisk  
  61  14:23  Hydralisk x4  
  62  14:35  Ravager  
  62  14:36  Ravager x5  
  54  15:05  Hydralisk x5  
  54  15:06  Hydralisk x3  
  64  15:09  Muscular Augments  
  62  15:39  Hive  
  62  15:55  Extractor  
  61  15:58  Hatchery  
  61  16:01  Extractor  
  59  16:05  Hydralisk  
  59  16:06  Hydralisk x5  
  71  16:17  Zerg Ground Armor Level 2  
  71  16:21  Spire  
  70  16:45  Hydralisk x2  
  70  16:46  Hydralisk x4  
  56  17:57  Hydralisk x3  
  56  17:58  Hydralisk x2, Roach x5  
  50  17:59  Roach x3  
  60  18:14  Queen  
  60  18:17  Greater Spire  
  62  18:20  Drone x2  
  62  18:21  Drone  
  62  18:22  Drone x3  
  62  18:23  Drone  
  69  18:28  Drone x3  
  72  19:08  Zergling x4  
  72  19:09  Zergling x8  
  79  19:10  Zergling x12  
Tags
 
Add a new tag
Caveats
  • Supply blocks, unpowered buildings, or Contaminate may cause inaccurate times.
  • Supply counts are checked every 10 seconds.